 Dungeon Crawl Stone Soup version 0.28.0-43-g3370ac3207 (webtiles) character file.

Game seed: 16854506725817191732

99 Arcadio the Caller (level 4, -11/30 HPs)
             Began as a Merfolk Summoner on Mar 10, 2022.
             Was an Initiate of Elyvilon.
             Killed by divine providence
             ... invoked by an orc priest
              (13 damage)
             ... on level 1 of the Dungeon.
             The game lasted 00:09:48 (3081 turns).

Arcadio the Caller (Merfolk Summoner)               Turns: 3081, Time: 00:09:49

Health: -11/30     AC:  4    Str: 10    XL:     4   Next: 72%
Magic:  3/8        EV: 13    Int: 14    God:    Elyvilon [......]
Gold:   94         SH:  0    Dex: 14    Spells: 3/9 levels left

rFire   . . .      SeeInvis .   i - +0 dagger (elec)
rCold   . . .      Faith    .   (no shield)
rNeg    . . .      Spirit   .   a - +0 robe
rPois   .          Reflect  .   h - +0 helmet
rElec   .          Harm     .   (no cloak)
rCorr   .          Rampage  .   (no gloves)
Will    .....                   c - +0 pair of boots
Stlth   ++........              (no amulet)
HPRegen 0.10/turn               (no ring)
MPRegen 0.11/turn               (no ring)

@: no status effects
A: (nimble swimmer 2), mertail
a: Renounce Religion


You were on level 1 of the Dungeon.
You worshipped Elyvilon.
Elyvilon was noncommittal.
You visited 1 branch of the dungeon, and saw 2 of its levels.

You collected 94 gold pieces.

Inventory:

Hand Weapons
 b - a +0 club
 d - a +0 dagger
 i - a +0 dagger of electrocution (weapon)
Armour
 a - a +0 robe (worn)
 c - a +0 pair of boots (worn)
 e - a +0 buckler
 h - a +0 helmet (worn)
Wands
 g - a wand of flame (16)
Scrolls
 j - a scroll of noise {unknown}
Potions
 f - 2 potions of degeneration {unknown}
 k - a potion of lignification {unknown}
 l - a potion of magic {unknown}


   Skills:
 + Level 4.2 Dodging
 - Level 2.1 Stealth
 + Level 3.0 Spellcasting
 + Level 4.7 Summonings


You had 3 spell levels left.
You knew the following spells:

 Your Spells              Type           Power      Damage    Failure   Level
a - Summon Small Mammal   Summ           60%        N/A       3%          1
b - Call Imp              Summ           15%        N/A       4%          2
c - Call Canine Familiar  Summ           15%        N/A       9%          3

Your spell library contained the following spells:

 Spells                   Type           Power      Damage    Failure   Level
 Summon Guardian Golem    Hex/Summ       8%         N/A       24%         3
 Summon Lightning Spire   Summ/Air       8%         N/A       63%         4


Dungeon Overview and Level Annotations

Branches:
Dungeon (2/15)

Altars:
Elyvilon


Innate Abilities, Weirdness & Mutations

((You are very nimble when in or above water. (Stealth+, EV+, Speed+++)))
Your lower body shifts to a powerful aquatic tail in water.


Message History

The orc priest is moderately wounded.
The orc priest hits you with a +0 flail!
Your hound bites the orc priest but does no damage.
You hit the orc priest but do no damage.
The orc priest is moderately wounded.
Your hound bites the orc priest.
The orc priest hits you with a +0 flail.
Your hound bites the orc priest.
You hit the orc priest but do no damage.
The orc priest is heavily wounded.
The orc priest closely misses you.
Your hound barely misses the orc priest.
You closely miss the orc priest.
The orc priest is heavily wounded.
Your hound bites the orc priest.
The orc priest misses your hound.
Your hound closely misses the orc priest.
You completely miss the orc priest.
The orc priest is heavily wounded.
The orc priest hits you with a +0 flail.
* * * LOW HITPOINT WARNING * * *
Your hound bites the orc priest but does no damage.
Your hound closely misses the orc priest.
Your hound bites the orc priest but does no damage.
There is a stone staircase leading up here.
You closely miss the orc priest.
The orc priest is heavily wounded.
The orc priest hits you with a +0 flail.
* * * LOW HITPOINT WARNING * * *
Your hound closely misses the orc priest.
Your hound barely misses the orc priest.
The orc priest completely misses you.
Your hound bites the orc priest.
You climb upwards.
There is a stone staircase leading down here.
Casting: Call Canine Familiar (quite dangerous; 9% risk of failure)
Confirm with . or Enter, or press ? or * to list all spells.
The spell is quite dangerous to miscast (9% risk of failure)!
Continue anyway?
The orc priest misses you.
The orc priest mumbles some strange prayers to Beogh against you.
Beogh smites you!
You die...

########
#########......##
####...............##
................)...#
...#................#
##########.......h..#
### #......@...# ..#
#.....>....# ..#
####....)o..## ..#
##.....(.....## ..#
##..#..........#
.<####..##..........#
..#.................#
..#.....##..........#
..#......#..........#


You could see an orc priest (ally target) and a friendly hound (summoned).

Vanquished Creatures
  An orc (D:1)
  An endoplasm (D:1)
  7 goblins
  7 hobgoblins
  2 quokkas (D:2)
  2 ball pythons (D:2)
  2 bats
  2 frilled lizards
  2 kobolds (D:2)
  A rat (D:2)
27 creatures vanquished.

Vanquished Creatures (collateral kills)
  Robin (D:1)
  A gnoll (D:1)
  An adder (D:2)
  A worm (D:2)
  2 orcs
  2 ball pythons (D:1)
  6 endoplasms (D:1)
  4 goblins
  7 hobgoblins (D:1)
  A quokka (D:1)
  2 kobolds
28 creatures vanquished.

Grand Total: 55 creatures vanquished

Notes
Turn   | Place    | Note
-------+----------+-------------------------------------------
     0 | D:1      | Arcadio the Merfolk Summoner began the quest for the Orb.
     0 | D:1      | Reached XP level 1. HP: 13/13 MP: 3/3
    77 | D:1      | Reached XP level 2. HP: 16/19 MP: 1/5
   475 | D:1      | Learned a level 2 spell: Call Imp
   927 | D:1      | Reached XP level 3. HP: 18/24 MP: 0/6
  1385 | D:2      | Noticed Robin
  1535 | D:1      | Killed Robin
  1536 | D:1      | Reached XP level 4. HP: 4/30 MP: 1/8
  1954 | D:2      | Found a white marble altar of Elyvilon.
  1981 | D:2      | Became a worshipper of Elyvilon the Healer
  2121 | D:2      | Learned a level 3 spell: Call Canine Familiar
  2368 | D:2      | Found a faded altar of an unknown god.
  3077 | D:2      | HP: 1/30 [orc priest/+0 flail (5)]
  3081 | D:1      | Killed from afar by an orc priest

Illustrated notes

Levels and vault maps discovered:
D:1:      lemuel_arrival_broad_hall, layout_rooms
D:2:      layout_loops_ring, shapermc_ecumenical_altar_flowoftime, basic_altar,
          nrook_loot_triangle, uniq_robin

Skill      XL: |  1  2  3  4 |
---------------+-------------+-----
Dodging        | 3 4 |  4.2
Spellcasting   | 3 |  3.0
Stealth        | |  2.1
Summonings     | |  4.7

Action                   |  1- 3 |  4- 6 || total
-------------------------+-------+-------++-------
Melee: Club              |    33 |       ||    33
       Punch             |     3 |     1 ||     4
       Unarmed           |     1 |       ||     1
       Dagger            |    23 |    61 ||    84
 Cast: Summon Small Mamm |     8 |       ||     8
       Call Imp          |    18 |     1 ||    19
       Call Canine Famil |       |     6 ||     6
 Stab: Sleeping          |     4 |     1 ||     5
Armor: Robe              |    11 |    14 ||    25
Dodge: Dodged            |    46 |    38 ||    84
